 Dungeon Crawl Stone Soup version 0.26-a0-712-ga5a9c9c9d0 (webtiles) character file.

Game seed: 14373324615871271313

19744 Azzok the Severer (level 12, -6/81 HPs)
             Began as a Demonspawn Berserker on Nov 9, 2020.
             Was a High Priest of Trog.
             Killed by divine providence
             ... invoked by a meliai
              (7 damage)
             ... on level 12 of the Dungeon.
             The game lasted 00:21:06 (15169 turns).

Azzok the Severer (Demonspawn Berserker)           Turns: 15169, Time: 00:21:06

Health: -6/81      AC: 14    Str: 22    XL:     12   Next: 39%
Magic:  12/12      EV:  7    Int: 10    God:    Trog [*****.]
Gold:   498        SH:  7    Dex: 15    Spells: 11/11 levels left

rFire    . . .     SeeInvis .   K - +4 war axe
rCold    + . .     Faith    .   j - +2 buckler
rNeg     + . .     Spirit   .   k - +0 plate armour
rPois    .         Reflect  .   H - +2 hat
rElec    .         Harm     .   (no cloak)
rCorr    .         Rampage  .   m - +0 pair of gloves {Dex+3}
MR       +++..                  h - +0 pair of boots
Stlth    ..........             (no amulet)
HPRegen  1.23/turn              q - ring of positive energy
MPRegen  0.13/turn              y - ring of protection from magic

@: lethally poisoned (-6 -> -6), berserk cooldown, regenerating (expiring),
slowed, very slow
A: antennae 2, cold resistance 1, freezing cloud immunity
a: Berserk, Trog's Hand, Brothers in Arms, Renounce Religion


You were on level 12 of the Dungeon.
You worshipped Trog.
Trog was extremely pleased with you.
You visited 1 branch of the dungeon, and saw 12 of its levels.

You collected 678 gold pieces.
You spent 180 gold pieces at shops.

Inventory:

Hand Weapons
 I - a +3 scimitar of flaming
 J - a +0 vorpal broad axe
 K - a +4 war axe (weapon)
Armour
 h - a +0 pair of boots (worn)
 j - a +2 buckler (worn)
 k - a +0 plate armour (worn)
 m - a +0 pair of gloves of dexterity (worn)
 H - a +2 hat (worn)
Jewellery
 g - an uncursed amulet of reflection
 q - a ring of positive energy (left hand)
 w - an uncursed ring of ice
 y - a ring of protection from magic (right hand)
 B - an uncursed amulet of the acrobat {unknown}
Wands
 l - a wand of acid (2)
 s - a wand of iceblast (8)
 F - a wand of flame (7)
Scrolls
 b - 2 scrolls of enchant weapon
 e - a scroll of magic mapping {unknown}
 f - 4 scrolls of identify
 i - a scroll of fog {unknown}
 n - 7 scrolls of teleportation
 u - 5 scrolls of remove curse {unknown}
 v - 2 scrolls of enchant armour
 D - 2 scrolls of immolation
 G - a scroll of blinking
Potions
 a - 2 potions of invisibility {unknown}
 c - a potion of ambrosia {unknown}
 d - 4 potions of might {unknown}
 o - 3 potions of stabbing
 p - 7 potions of curing
 r - 5 potions of mutation {!q}
 t - 4 potions of haste
 x - 3 potions of berserk rage
 z - 3 potions of brilliance {unknown}
 C - 2 potions of flight
 E - 4 potions of heal wounds


   Skills:
 - Level 3.0 Fighting
 + Level 17.4 Axes
 - Level 1.7 Armour
 - Level 1.7 Dodging
 - Level 4.0 Shields


You had 11 spell levels left.
You didn't know any spells.
Your spell library was empty.

Dungeon Overview and Level Annotations

Branches:
Dungeon (12/15)            Temple (0/1) D:6            Lair (0/6) D:11
    Orc (0/2) D:9

Altars:
Ashenzari
Cheibriados
Elyvilon
Kikubaaqudgha
Makhleb
Nemelex Xobeh
Okawaru
Qazlal
Ru
Sif Muna
Trog
Wu Jian
The Shining One

Shops:
D:5 ((?(   D:6 (


Innate Abilities, Weirdness & Mutations

You have a pair of antennae on your head.
Your flesh is cold resistant. (rC+)
You are immune to freezing clouds.


Message History

Trog accepts your kill.
You closely miss the killer bee.
You feel the effects of Trog's Hand fading.
You block the killer bee's attack.
You feel sick. The killer bee stings you.
* * * LOW HITPOINT WARNING * * *
Found a yak corpse.
Things that are here:
a cursed -2 hand axe; a +0 robe; a meliai corpse You feel a strong urge to attack something.
You are no longer berserk.
You are exhausted.
You feel yourself slow down.
You feel sick.
The meliai mumbles some strange prayers to its god against you.
Something smites you!
* * * LOW HITPOINT WARNING * * *
The killer bee barely misses you.
The meliai mumbles some strange prayers to its god against you.
Something smites you!
You die...

·······▒▒▒▒·▒·········▒
······· ▒·····▒▒▒▒▒·▒▒▒
······· ▒···▒▒▒▒▒▒▒·▒
······· ▒···▒·····▒·▒
▒▒▒···· ▒···▒·†yy·▒·▒
▒▒▒···· ▒···▒


yyyy▒·▒ ··'···· ····▒{yyyy▒·▒ ··▒····▒▒▒▒▒▒ ▒y▒▒·▒ ··▒ ▒@▒▒·▒ ··▒ ▒)y··▒ ··▒
▒▒▒▒·▒ ··▒ ▒·▒ ··▒ ▒·▒ ·?▒ ▒·▒ (·▒ ▒·· ·▒ You could see 2 meliai and 9 killer
bees.

Vanquished Creatures
  Gastronok (D:8)
  Harold (D:8)
  Erica (D:8)
  A two-headed ogre (D:8)
  2 unseen horrors (D:10)
  Pikel (D:6)
  The ghost of MONIATO the Covered, a novice MiFi (D:6)
  A cyclops (D:11)
  An elephant (D:11)
  Psyche (D:8)
  2 gargoyles
  A troll (D:9)
  A queen bee (D:12)
  A meliai (D:12)
  Sigmund (D:6)
  2 wyverns
  Eustachio (D:6)
  A wraith (D:12)
  19 yaks
  A steam dragon (D:11)
  A basilisk (D:11)
  An acid dragon (D:12)
  A water moccasin (D:5)
  3 ice beasts
  7 orc warriors
  6 sky beasts
  A necrophage (D:6)
  A black bear (D:7)
  8 centaurs
  9 ogres
  4 bullfrogs
  5 big kobolds
  2 gnoll sergeants (D:9)
  6 scorpions
  A wyvern skeleton (D:11)
  12 killer bees
  3 electric eels (D:9)
  10 wights
  2 howler monkeys (D:9)
  A quasit (D:12)
  A jelly (D:6)
  3 centaur zombies
  8 orc priests
  A gnoll shaman (D:4)
  5 hounds
  Crazy Yiuf (D:7)
  3 centaur skeletons
  Jessica (D:2)
  2 bullfrog skeletons
  Terence (D:3)
  2 iguanas
  9 orc wizards
  11 worker ants
  A killer bee zombie (D:8)
  A mummy (D:4)
  A hound skeleton (D:4)
  A worker ant zombie (D:10)
  Robin (D:2)
  9 gnolls
  16 adders
  2 shadow imps
  3 white imps
  3 adder skeletons
  6 worms
  4 dart slugs
  5 leopard geckos
  43 orcs
  3 ball pythons
  9 bats
  4 giant cockroaches
  15 goblins
  9 hobgoblins
  4 jackals
  19 kobolds
  8 quokkas
  A frilled lizard (D:3)
  2 quokka skeletons
  A quokka zombie (D:5)
  9 rats
353 creatures vanquished.

Vanquished Creatures (others)
  A goblin (D:1)
  A quokka (D:12)
  2 plants (D:11)
4 creatures vanquished.

Grand Total: 357 creatures vanquished

Notes
Turn   | Place    | Note
-------+----------+-------------------------------------------
     0 | D:1      | Azzok the Demonspawn Berserker began the quest for the Orb.
     0 | D:1      | Reached XP level 1. HP: 18/18 MP: 1/1
   138 | D:1      | Reached skill level 3 in Axes
   202 | D:1      | Gained mutation: You have a pair of small antennae on your
                  | head. [demonic ancestry]
   202 | D:1      | Reached XP level 2. HP: 17/24 MP: 2/2
   826 | D:1      | Reached XP level 3. HP: 29/29 MP: 3/3
   866 | D:1      | Reached ** piety under Trog
   991 | D:2      | Reached skill level 4 in Axes
  1221 | D:2      | Found an ancient bone altar of Kikubaaqudgha.
  1274 | D:2      | Noticed Robin
  1279 | D:2      | Reached XP level 4. HP: 31/35 MP: 4/4
  1304 | D:2      | Killed Robin
  1686 | D:2      | Noticed Jessica
  1694 | D:2      | Killed Jessica
  1694 | D:2      | Reached skill level 5 in Axes
  1814 | D:3      | Found a bloodstained altar of Trog.
  1827 | D:3      | Reached XP level 5. HP: 36/41 MP: 5/5
  2097 | D:3      | Reached *** piety under Trog
  2107 | D:3      | Found a shimmering blue altar of Sif Muna.
  2184 | D:3      | Found a stormy altar of Qazlal.
  2184 | D:3      | Found a sparkling altar of Nemelex Xobeh.
  2184 | D:3      | Found a glowing golden altar of the Shining One.
  2184 | D:3      | Found an ornate altar of the Wu Jian Council.
  2253 | D:3      | Found a broken altar of Ashenzari.
  2305 | D:3      | Noticed Terence
  2314 | D:3      | Killed Terence
  2314 | D:3      | Reached skill level 6 in Axes
  2666 | D:3      | Found a faded altar of an unknown god.
  2703 | D:3      | Reached XP level 6. HP: 46/47 MP: 6/6
  3433 | D:4      | Reached skill level 7 in Axes
  3700 | D:4      | Reached **** piety under Trog
  3705 | D:4      | Gained mutation: You have a pair of antennae on your head.
                  | [demonic ancestry]
  3705 | D:4      | Reached XP level 7. HP: 19/52 MP: 7/7
  4474 | D:5      | Entered Level 5 of the Dungeon
  4484 | D:5      | Found Ciegerar's Weapon Emporium.
  4486 | D:5      | Reached skill level 8 in Axes
  4892 | D:5      | Reached skill level 9 in Axes
  4892 | D:5      | Reached XP level 8. HP: 57/58 MP: 8/8
  5059 | D:5      | Found Xoum's Antique Weapon Shoppe.
  5595 | D:5      | Found Lomy's Weapon Shoppe.
  5676 | D:5      | Reached skill level 10 in Axes
  5891 | D:5      | Found Galost's Magic Scroll Shop.
  5894 | D:5      | Bought a scroll of noise for 10 gold pieces
  5894 | D:5      | Bought a scroll of identify for 20 gold pieces
  5894 | D:5      | Bought a scroll of teleportation for 30 gold pieces
  5894 | D:5      | Bought a scroll of random uselessness for 10 gold pieces
  5894 | D:5      | Bought a scroll of amnesia for 35 gold pieces
  5894 | D:5      | Bought a scroll of blinking for 75 gold pieces
  5927 | D:6      | Found a staircase to the Ecumenical Temple.
  5983 | D:6      | Noticed Sigmund
  5993 | D:6      | Reached ***** piety under Trog
  5999 | D:6      | Killed Sigmund
  6113 | D:6      | Found a runed translucent door.
  6314 | D:6      | Reached skill level 11 in Axes
  6314 | D:6      | Gained mutation: Your flesh is cold resistant. (rC+)
                  | [demonic ancestry]
  6314 | D:6      | Reached XP level 9. HP: 39/63 MP: 9/9
  6552 | D:6      | Found Nywoal's Weapon Boutique.
  6681 | D:6      | Noticed MONIATO's ghost (novice MiFi)
  6746 | D:6      | Noticed Pikel
  6784 | D:6      | Killed Pikel
  7011 | D:6      | Noticed Eustachio
  7020 | D:6      | Killed Eustachio
  7020 | D:6      | Reached skill level 12 in Axes
  7033 | D:6      | Found an iron altar of Okawaru.
  7121 | D:6      | Killed MONIATO's ghost
  7308 | D:7      | Reached skill level 1 in Shields
  7818 | D:7      | Gained mutation: You are immune to freezing clouds.
                  | [demonic ancestry]
  7818 | D:7      | Reached XP level 10. HP: 55/70 MP: 10/10
  8003 | D:7      | Found a runed translucent door.
  8004 | D:7      | Noticed Crazy Yiuf
  8011 | D:7      | Killed Crazy Yiuf
  8439 | D:8      | Found a burning altar of Makhleb.
  8507 | D:8      | Noticed a two-headed ogre
  8517 | D:8      | Killed a two-headed ogre
  8517 | D:8      | Reached skill level 13 in Axes
  8760 | D:8      | Noticed Harold
  8772 | D:8      | Killed Harold
  9104 | D:8      | Found a snail-covered altar of Cheibriados.
  9368 | D:8      | Noticed Gastronok
  9384 | D:8      | Killed Gastronok
  9384 | D:8      | Reached skill level 14 in Axes
  9807 | D:8      | Noticed Erica
  9815 | D:8      | Killed Erica
  9815 | D:8      | Reached XP level 11. HP: 75/75 MP: 11/11
  9904 | D:9      | Received a gift from Trog
 10048 | D:8      | Noticed Psyche
 10065 | D:8      | Killed Psyche
 10305 | D:8      | Noticed a death knight
 10305 | D:8      | Noticed a seven-headed hydra
 10305 | D:8      | Noticed a green ugly thing
 10306 | D:8      | Noticed a yaktaur captain
 10609 | D:9      | Found a sacrificial altar of Ru.
 10762 | D:9      | Reached skill level 15 in Axes
 10869 | D:9      | Found a staircase to the Orcish Mines.
 11531 | D:10     | Entered Level 10 of the Dungeon
 11665 | D:10     | Killed an unseen horror
 11934 | D:10     | Reached skill level 16 in Axes
 12298 | D:10     | Killed an unseen horror
 13199 | D:11     | Reached XP level 12. HP: 60/81 MP: 12/12
 13441 | D:11     | Found a staircase to the Lair.
 13663 | D:11     | Received a gift from Trog
 13919 | D:11     | Reached skill level 17 in Axes
 14667 | D:12     | Found a white marble altar of Elyvilon.
 15169 | D:12     | HP: 1/81 [meliai/divine providence (14)]
 15169 | D:12     | Killed from afar by a meliai

Illustrated notes

Levels and vault maps discovered:
D:1:      minmay_arrival_five_plusses, layout_basic, grunt_decor_mini_mirrors,
          minmay_pentomino_v2
D:2:      layout_basic, kiku_gazebo_garden_becter, uniq_robin, uniq_jessica
D:3:      layout_basic, grunt_temple_overflow_open,
          chequers_ecumenical_altar_simple, minmay_misc_feat_plants,
          uniq_terence
D:4:      layout_basic, gup_ossuary_entry_pyramid
D:5:      layout_loops_ring, serial_shops, kennysheep_little_box,
          nicolae_shop_window_shopping, kennysheep_mini_moat, shop
D:6:      layout_rooms, marbit_many_paths, temple_fountains,
          ebering_ghost_sewer_d, serial_shops, shop, uniq_sigmund, uniq_pikel,
          uniq_eustachio
D:7:      layout_cave_pools, minmay_misc_feat_cross, item_on_display_a,
          uniq_crazy_yiuf_cottage
D:8:      minmay_klotski, layout_basic, lemuel_crystal_altar, slow_altar_2,
          uniq_erica, uniq_psyche, uniq_gastronok, uniq_harold
D:9:      layout_basic, old_standard_altar,
          kennysheep_orc_monster_closet_entryway
D:10:     layout_roguey, hangedman_decor_points, ebering_dispersal_statue_hall
D:11:     layout_roguey, david_lair_generic
D:12:     layout_basic, basic_altar, special_room [special_room_bee],
          elyvilon_altar_4, uniq_josephine, uniq_fannar

Skill      XL: |  1  2  3  4  5  6  7  8  9 10 11 12 |
---------------+-------------------------------------+-----
Axes           | 3 4 5 6 7 9 11 12 14 16 17 | 17.4
Shields        | 2 4 |  4.0
Fighting       | |  3.0
Armour         | |  1.7
Dodging        | |  1.7

Action                   |  1- 3 |  4- 6 |  7- 9 | 10-12 || total
-------------------------+-------+-------+-------+-------++-------
Melee: Hand axe          |    15 |       |       |       ||    15
       Short sword       |    83 |   174 |       |       ||   257
       War axe           |       |    18 |   328 |   264 ||   610
       Broad axe         |       |       |       |   355 ||   355
Invok: Berserk           |       |     3 |     5 |     7 ||    15
       Trog's Hand       |       |       |       |     4 ||     4
Evoke: Wand              |       |       |       |     6 ||     6
  Use: Scroll            |       |       |    11 |       ||    11
Armor: Ring mail         |    48 |    44 |       |       ||    92
       Scale mail        |       |    35 |       |       ||    35
       Chain mail        |       |    20 |   110 |       ||   130
       Plate armour      |       |       |    21 |   309 ||   330
Dodge: Dodged            |    74 |   117 |    96 |   144 ||   431
Block: Buckler           |       |       |    12 |   190 ||   202

Table legend: (Time is in decaauts)
 A = Elapsed time spent in this place.
 B = Non-inter-level travel time spent in this place.
 C = Inter-level travel time spent in this place.
 D = Time resting spent in this place.
 E = Time spent auto-exploring this place.
 F = Levels seen in this place.
 G = Mean time per level.
                   A        B        C        D        E       F      G
               +--------+--------+--------+--------+--------+-----+--------+
         Total |  15179 |  14969 |    210 |   1862 |  10642 |  12 | 1264.9 |
       Dungeon |  15179 |  14969 |    210 |   1862 |  10642 |  12 | 1264.9 |
               +--------+--------+--------+--------+--------+-----+--------+

Top non-repeatable levels by time:
     D:8: 2063 daAuts
    D:11: 1659 daAuts
     D:5: 1463 daAuts
     D:3: 1396 daAuts
     D:6: 1321 daAuts
     D:4: 1298 daAuts
     D:9: 1228 daAuts
    D:10: 1138 daAuts
     D:7: 1036 daAuts
     D:1: 920 daAuts
     D:2: 908 daAuts
    D:12: 744 daAuts
